 Dungeon Crawl Stone Soup version 0.29.1-2-gbd0b4ee654 (webtiles) character file.

Game seed: 14381609344877464333

310 warriortoast the Sneak (level 6, -12/28 HPs)
             Began as a Spriggan Enchanter on Nov 21, 2022.
             Mangled by Duvessa
             ... wielding a +0 short sword
              (16 damage)
             ... on level 4 of the Dungeon.
             The game lasted 00:13:56 (7584 turns).

warriortoast the Sneak (Spriggan Enchanter)         Turns: 7584, Time: 00:13:56

Health: -12/28     AC:  2    Str:  5 (6)  XL:     6   Next: 18%
Magic:  5/13       EV: 19    Int: 20      God:
Gold:   183        SH:  0    Dex: 19      Spells: 5/13 levels left

rFire   . . .      SeeInvis +   a - +2 dagger
rCold   . . .      Faith    .   (no shield)
rNeg    . . .      Spirit   .   b - +0 robe
rPois   .          Reflect  .   (helmet restricted)
rElec   .          Harm     .   (no cloak)
rCorr   +          Rampage  .   (gloves unavailable)
Will    ++...                   (boots unavailable)
Stlth   +++.......              (no amulet)
HPRegen 0.09/turn               q - ring of Boitain {rCorr Int+4 Dex+3}
MPRegen 0.13/turn               f - ring of willpower

@: confusing by touch, very quick
A: very small, no large weapons, unfitting armour, see invisible, speed 3
a: no special abilities


You were on level 4 of the Dungeon.
You visited 1 branch of the dungeon, and saw 4 of its levels.

You collected 183 gold pieces.

Inventory:

Hand Weapons
 a - a +2 dagger (weapon)
 e - a +0 sling
Armour
 b - a +0 robe (worn)
Jewellery
 f - a ring of willpower (right hand)
 q - the ring of Boitain (left hand) {rCorr Int+4 Dex+3}
   (You found it on level 2 of the Dungeon)

   [ring of resist corrosion]

   Int:       It affects your intelligence (+4).
   Dex:       It affects your dexterity (+3).
   rCorr:     It protects you from acid and corrosion.
 y - a +4 ring of protection
Scrolls
 d - a scroll of brand weapon {unknown}
 j - 3 scrolls of identify
 k - 2 scrolls of teleportation
 n - a scroll of summoning {unknown}
 o - 2 scrolls of blinking
 u - 2 scrolls of vulnerability {unknown}
 x - a scroll of enchant weapon
Potions
 c - 2 potions of invisibility
 g - a potion of brilliance
 h - 3 potions of degeneration
 i - a potion of magic {unknown}
 l - a potion of flight {unknown}
 m - a potion of haste {unknown}
 p - a potion of curing
 r - a potion of heal wounds {unknown}
 s - a potion of attraction {unknown}
 t - a potion of lignification {unknown}
 v - a potion of resistance {unknown}
 w - a potion of berserk rage {unknown}


   Skills:
 + Level 3.1 Short Blades
 + Level 4.4 Dodging
 + Level 6.2 Stealth
 + Level 4.2 Spellcasting
 + Level 5.0 Hexes


You had 5 spell levels left.
You knew the following spells:

 Your Spells              Type           Power      Damage    Failure   Level
a - Ensorcelled Hibernat  Hex/Ice        28%        N/A       7%          2
b - Confusing Touch       Hex            24%        N/A       4%          3
c - Tukima's Dance        Hex            24%        N/A       4%          3

Your spell library contained the following spells:

 Spells                   Type           Power      Damage    Failure   Level
 Sting                    Tmut/Pois      16%        1d3       13%         1
 Summon Small Mammal      Summ           16%        N/A       13%         1
 Dazzling Flash           Conj/Hex       28%        N/A       14%         3
 Summon Guardian Golem    Hex/Summ       14%        N/A       14%         3
 Poisonous Vapours        Pois/Air       8%         N/A       19%         2
 Call Canine Familiar     Summ           4%         N/A       36%         3
 Corpse Rot               Necr/Pois/Air  4%         N/A       77%         4
 Olgreb's Toxic Radiance  Pois           4%         N/A       77%         4
 Summon Mana Viper        Hex/Summ       14%        N/A       77%         5
 Summon Forest            Summ/Tloc      2%         N/A       98%         5
 Summon Cactus Giant      Summ           2%         N/A       100%        6


Dungeon Overview and Level Annotations

Branches:
Dungeon (4/15)
 Temple: D:4-7

Altars:

Annotations:
D:4 Duvessa


Innate Abilities, Weirdness & Mutations

You are very small and have problems with some larger weapons.
You are too small for most types of armour.
You have supernaturally acute eyesight. (SInv)
You cover ground extremely quickly. (Speed+++)


Message History

k - 2 scrolls of teleportation (gained 1)
You open the door. You open the door. You open the door.
There is an open door here.
Dowan is nearby!
Dowan shouts!
Duvessa shouts!
Casting: Ensorcelled Hibernation (safe; 7% risk of failure)
Confirm with . or Enter, or press ? or * to list all spells.
Aiming: Ensorcelled Hibernation (safe; 7% risk of failure)
Press: ? - help, Shift-Dir - straight line, f - Dowan
Aim: Dowan, wielding a +0 dagger and wearing a +0 robe (chance to affect: 47%) Dowan resists with some effort.
Sorry, you're not good enough to have a special ability.
Casting: Ensorcelled Hibernation (safe; 7% risk of failure)
Confirm with . or Enter, or press ? or * to list all spells.
Aiming: Ensorcelled Hibernation (safe; 7% risk of failure)
Press: ? - help, Shift-Dir - straight line, f/p - Dowan
Aim: Dowan, wielding a +0 dagger and wearing a +0 robe (chance to affect: 47%) Dowan looks drowsy...
The helpless Dowan fails to defend himself.
You impale Dowan!!
You kill Dowan!
Duvessa screams, "No!
How DARE you!"
Duvessa goes berserk!
You feel your dexterity returning.
Your Hexes skill increases to level 5!
You have reached level 6!
Casting: Ensorcelled Hibernation (safe; 7% risk of failure)
Confirm with . or Enter, or press ? or * to list all spells.
The spell is quite dangerous to miscast (4% risk of failure)!
Continue anyway?
Your hands begin to glow red.
You hit Duvessa but do no damage. Duvessa closely misses you.
You hit Duvessa but do no damage.
Duvessa hits you with a +0 short sword! x2
Ouch! That really hurt!
* * * LOW HITPOINT WARNING * * *
You hit Duvessa but do no damage. Duvessa hits you with a +0 short sword!
Ouch! That really hurt!
You die...

...#
#...................#
...#
#...................#
...#
+........[..........#
...#
#...................#
...#
#..............######
#'## #.......##'#####
....
#.......#.........
....
#.......#.........
.....
#....@..#.....##..
### #....e..#.....# .
#.......#...... ..
#.......'......# ..#
#.......######## ..+
.'........ ..#
###.........
..####'#...


You could see Duvessa (berserk).

Vanquished Creatures
  A scorpion (D:4)
  Dowan (D:4)
  A hound (D:4)
  An iguana (D:4)
  5 adders
  A worm (D:2)
  2 dart slugs (D:2)
  3 orcs (D:3)
  8 ball pythons
  4 bats
  5 endoplasms
  2 giant cockroaches (D:1)
  11 goblins
  4 hobgoblins
  9 jackals (D:1)
  9 kobolds
  9 quokkas
  6 frilled lizards
  15 rats
97 creatures vanquished.

Notes
Turn   | Place    | Note
-------+----------+-------------------------------------------
     0 | D:1      | warriortoast the Spriggan Enchanter began the quest for the
                  | Orb.
     0 | D:1      | Reached XP level 1. HP: 9/9 MP: 5/5
  1072 | D:1      | Reached XP level 2. HP: 13/13 MP: 6/6
  1111 | D:1      | Learned a level 2 spell: Ensorcelled Hibernation
  2128 | D:1      | Found a faded altar of an unknown god.
  2137 | D:1      | Reached XP level 3. HP: 16/16 MP: 8/8
  2363 | D:1      | Learned a level 3 spell: Confusing Touch
  2367 | D:1      | Learned a level 3 spell: Tukima's Dance
  3415 | D:2      | Reached skill level 5 in Stealth
  3871 | D:2      | Reached XP level 4. HP: 21/21 MP: 0/10
  4175 | D:2      | Identified the ring of Boitain {rCorr Int+4 Dex+3}
  4812 | D:4      | Noticed Dowan
  4814 | D:4      | Noticed Duvessa
  5814 | D:2      | Identified the +0 ring mail "Hurianugh" {Contam Will+ Int+2
                  | Dex+4}
  6497 | D:3      | Reached XP level 5. HP: 20/24 MP: 11/11
  7026 | D:4      | Reached skill level 6 in Stealth
  7580 | D:4      | Killed Dowan
  7581 | D:4      | Reached skill level 5 in Hexes
  7581 | D:4      | Reached XP level 6. HP: 28/28 MP: 8/13
  7584 | D:4      | Mangled by Duvessa

Illustrated notes

Levels and vault maps discovered:
D:1:      minmay_arrival_doors, layout_loops_corners, basic_ecumenical_altar,
          minmay_rat_gold_closets
D:2:      layout_loops_ring
D:3:      layout_loops_ring, amcnicky_mini_corridor_feature, minmay_liquid_box,
          minmay_joined_circles
D:4:      layout_gridville, serial_shops, nicolae_shop_crystal,
          bh_walls_and_bars, uniq_duvessa

Skill      XL: |  1  2  3  4  5 |
---------------+----------------+-----
Dodging        | 3 4 |  4.4
Spellcasting   | 3 4 |  4.2
Hexes          | 4 5 |  5.0
Stealth        | 5 6 |  6.2
Short Blades   | 2 3 |  3.1

Action                   |  1- 3 |  4- 6 || total
-------------------------+-------+-------++-------
Melee: Dagger            |   122 |    75 ||   197
       Punch             |     1 |       ||     1
 Fire: Sling             |       |    17 ||    17
 Cast: Ensorcelled Hiber |    28 |    54 ||    82
       Confusing Touch   |       |     1 ||     1
  Use: Scroll            |       |     6 ||     6
       Potion            |       |     2 ||     2
 Stab: Sleeping          |    36 |    35 ||    71
Armor: Robe              |    16 |     7 ||    23
Dodge: Dodged            |   103 |    68 ||   171
